 Dungeon Crawl Stone Soup version 0.31.0-9-g3a7656b989 (webtiles) character file.

Game seed: 5921581134185457705

78 qw the Shooter (level 4, 0/25 HPs)
             Began as a Deep Elf Hunter on Feb 2, 2024.
             Incinerated by a bombardier beetle (2 damage)
             ... with a burning spray
             ... on level 2 of the Dungeon.
             The game lasted 00:00:04 (1366 turns).

qw the Shooter (Deep Elf Hunter)                    Turns: 1366, Time: 00:00:04

Health: 0/25       AC:  3    Str: 10    XL:     4   Next: 15%
Magic:  6/6        EV: 12    Int: 14    God:
Gold:   95         SH:  0    Dex: 18    Spells: 3/3 levels left

rFire   . . .        a - +0 shortbow
rCold   . . .        (shield currently unavailable)
rNeg    . . .        c - +0 leather armour
rPois   .            (no helmet)
rElec   .            (no cloak)
rCorr   .            (no gloves)
SInv    .            (no boots)
Will    .....        (no amulet)
Stlth   +            (no ring)
HPRegen 0.24/turn    (no ring)
MPRegen 0.10/turn

%: no passive effects
@: on fire, glowing
A: no striking features
a: no special abilities


You were on level 2 of the Dungeon.
You visited 1 branch of the dungeon, and saw 2 of its levels.

You collected 95 gold pieces.


   Skills:
 - Level 1.5 Fighting
 + Level 7.6 Ranged Weapons
 - Level 2.4 Dodging
 - Level 1.2 Stealth


You had 3 spell levels left.
You didn't know any spells.
Your spell library was empty.

Inventory:

Hand Weapons
 a - a +0 shortbow (weapon)
Armour
 c - a +0 leather armour (worn)
 g - a +0 ring mail
Jewellery
 h - a ring of resist corrosion
 i - a ring of ice
Scrolls
 e - a scroll of blinking {unknown}
 f - a scroll of identify
 j - a scroll of enchant armour {unknown}
Potions
 b - a potion of brilliance {unknown}
 d - a potion of curing

Dungeon Overview and Level Annotations

Branches:
Dungeon (2/15)

Altars:

Shops:
D:2 (


Message History

Natasha claws you!
You shoot an arrow. The arrow closely misses Natasha.
The arrow hits the hobgoblin!
You kill the hobgoblin!
Natasha misses you.
You shoot an arrow. The arrow closely misses Natasha.
Natasha claws you.
You shoot an arrow. The arrow barely misses Natasha.
Natasha barely misses you.
You shoot an arrow.
The arrow hits Natasha but does no damage.
Natasha is almost dead.
Natasha misses you.
You shoot an arrow. The arrow hits Natasha.
Natasha is almost dead.
Natasha claws you.
You shoot an arrow. The arrow hits Natasha!
You kill Natasha!
Natasha screams in fury as she dies!
You have reached level 4!
You feel clever.
You shoot an arrow. The arrow hits the bombardier beetle.
The bombardier beetle is moderately wounded.
You shoot an arrow. The arrow hits the bombardier beetle.
The bombardier beetle is severely wounded.
The bombardier beetle closely misses you.
You shoot an arrow.
The arrow hits the bombardier beetle but does no damage.
The bombardier beetle is heavily wounded.
The bombardier beetle bites you but does no damage.
You shoot an arrow. The arrow hits the bombardier beetle.
The bombardier beetle is severely wounded.
You shoot an arrow. The arrow hits the bombardier beetle.
The bombardier beetle is almost dead.
The bombardier beetle sprays incendiary fluid at you.
The burning spray hits you.
You are covered in liquid fire!
You shoot an arrow. The arrow hits the bombardier beetle.
You kill the bombardier beetle!
The liquid fire burns you!
You die...

.)...........### .##.#...........
.###########.####.#.#####.#.###.#
. .......).................... #
#######......#. ###.###.#
#.###..#. #.# #.#.#..# #.#
#.#....# #.# #.#.#.## #.# #.#.#@#
#.# ....#.# #.# #'###%. .# ..
..## # ###.# .. ..# #.#...# #..
...# # #.#.### ...# .. #......
....# #.#.######.#..
#............#


There were no monsters in sight!

Vanquished Creatures
  A bombardier beetle (D:2)
  Natasha (D:2)
  An adder (D:2)
  A ribbon worm (D:2)
  2 endoplasms (D:2)
  10 giant cockroaches (D:2)
  4 goblins (D:2)
  2 hobgoblins (D:2)
  7 jackals
  A quokka (D:1)
  3 kobolds
  3 rats (D:1)
36 creatures vanquished.

Notes
Turn   | Place    | Note
-------+----------+-------------------------------------------
     0 | D:1      | qw the Deep Elf Hunter began the quest for the Orb.
     0 | D:1      | Reached XP level 1. HP: 12/12 MP: 3/3
     0 | D:1      | 0 ||| qw: Version: 0.3-a-155-g5e7d8dd
     0 | D:1      | 0 ||| qw: Game counter: 2653
     0 | D:1      | 0 ||| qw: Melee chars always use a shield: true
     0 | D:1      | 0 ||| qw: God list: Okawaru
     0 | D:1      | 0 ||| qw: Allow faded altars: false
     0 | D:1      | 0 ||| qw: Do Orc after clearing Dungeon:15 true
     0 | D:1      | 0 ||| qw: Do second Lair branch before Depths: true
     0 | D:1      | 0 ||| qw: Lair rune preference: random
     0 | D:1      | 0 ||| qw: Goals: Normal
     0 | D:1      | 0 ||| PLANNING D:1-11
   277 | D:1      | Reached XP level 2. HP: 16/16 MP: 4/4
   374 | D:1      | Reached skill level 6 in Ranged Weapons
   695 | D:1      | Found a faded altar of an unknown god.
   835 | D:1      | 835 ||| READING 3 scrolls labelled XUNKEVVEPO.
   835 | D:1      | 835 ||| IDENTIFYING inky potion
   836 | D:1      | 836 ||| READING 2 scrolls of identify.
   836 | D:1      | 836 ||| IDENTIFYING 2 golden potions
   837 | D:1      | 837 ||| READING scroll of identify.
   837 | D:1      | 837 ||| IDENTIFYING scroll labelled JYDDOO KOBREI
   838 | D:1      | 838 ||| READING scroll labelled UNIOSE BYTEM.
   839 | D:1      | 839 ||| READING scroll labelled TITEUD MORGHECS.
   840 | D:1      | 840 ||| READING scroll labelled BARIXKUNNY.
   941 | D:1      | 941 ||| DROPPING scroll of butterflies.
   942 | D:1      | 942 ||| DROPPING 2 potions of ambrosia.
   943 | D:1      | 943 ||| DROPPING scroll of fog.
  1132 | D:2      | Reached XP level 3. HP: 20/20 MP: 5/5
  1146 | D:2      | Found Gotwuet's Weapon Boutique.
  1151 | D:2      | 1151 ||| SHOPLISTING +2 heavy orcbow (201 gold, have 62).
  1151 | D:2      | 1151 ||| SHOPLISTING +3 shortbow of draining (246 gold,
                  | have 62).
  1336 | D:2      | Reached skill level 7 in Ranged Weapons
  1337 | D:2      | Identified the +2 short sword "Goblinbane" {drain, Fly
                  | Str-4 Dex+4}
  1348 | D:2      | Noticed Natasha
  1354 | D:2      | HP: 4/20 [Natasha (8)]
  1356 | D:2      | HP: 1/20 [Natasha (4)]
  1360 | D:2      | Killed Natasha
  1361 | D:2      | Reached XP level 4. HP: 1/25 MP: 6/6
  1366 | D:2      | Incinerated by a bombardier beetle

Levels and vault maps discovered:
D:1:      minmay_arrival_plants_in_alcoves, layout_loops_corners,
          dilly_ecumenical_altar_fadedgnrine
D:2:      minmay_roachtagon, layout_basic, serial_shops,
          nicolae_shop_bloodbath_and_beyond, shop, nicolae_square_shop,
          uniq_natasha

Skill      XL: |  1  2  3 |
---------------+----------+-----
Ranged Weapons | 6 7 |  7.6
Fighting       | |  1.5
Dodging        | |  2.4
Stealth        | |  1.2

Action                     |  1- 3 |  4- 6 || total
---------------------------+-------+-------++-------
   Fire: Shortbow          |   116 |     6 ||   122
    Use: Scroll            |     6 |       ||     6
 Armour: Leather armour    |    38 |     1 ||    39
  Dodge: Dodged            |    40 |     1 ||    41

Table legend:
 A = Non-vault XP
 B = Vault XP
 C = Vault XP percentage of total XP
 D = Non-vault monster count
 E = Vault monster count
 F = Vault count percentage of total count
                 A         B        C        D         E       F
            +---------+---------+-------+---------+---------+-------
      Total |     107 |      53 |  33.1 |      26 |      10 |  27.8
            +---------+---------+-------+---------+---------+-------
        D:1 |      14 |       0 |   0.0 |       9 |       0 |   0.0
        D:2 |      93 |      53 |  36.3 |      17 |      10 |  37.0
            +---------+---------+-------+---------+---------+-------
